 Seeded DCSS version 0.31.0-11-ge490571c62 (webtiles) character file.

Game seed: 3243982562827229274 (custom seed)

35408 Hubris850 the Severer (level 14, -1/105 HPs)
             Began as a Formicid Fighter on Feb 6, 2024.
             Was the Champion of Okawaru.
             Slain by a goliath frog (4 damage)
             ... on level 3 of the Lair of Beasts.
             The game lasted 00:41:25 (10818 turns).

Hubris850 the Severer (Formicid Fighter)           Turns: 10818, Time: 00:41:25

Health: -1/105     AC: 18    Str: 27    XL:     14   Next: 18%
Magic:  18/18      EV:  7    Int:  9    God:    Okawaru [******]
Gold:   1474       SH: 10    Dex: 21    Spells: 13/13 levels left

rFire   + + +        a - +4 executioner's axe (flame)
rCold   + + .        y - +3 buckler of the Miller {rC+ rN+}
rNeg    + . .        k - +4 plate armour "Noas" {SInv}
rPois   +            (helmet unavailable)
rElec   +            h - +0 cloak
rCorr   .            j - +2 pair of gloves "Sizime" {Int+2 Dex+2}
SInv    +            w - +2 pair of boots of the Stag {-Tele +Inv rPois rF+++ Stlth-}
Will    .....        m - amulet "Qeaqomn" {*Slow rElec rF+ Regen+} Stlth
                     t - +4 ring of protection
HPRegen 1.17/turn    F - ring of Modesty {rElec rPois rC+ Will- Dex+6}
MPRegen 0.16/turn

%: slow self (1%)
@: corroded
A: permanent stasis, dig shafts and tunnels, antennae 3, four strong arms
a: Dig, Shaft Self, Renounce Religion, Evoke Invisibility, Heroism, Finesse,
Duel


You were on level 3 of the Lair of Beasts.
You worshipped Okawaru.
Okawaru was exalted by your worship.
You visited 3 branches of the dungeon, and saw 15 of its levels.
You also visited: Bailey, Gauntlet and Volcano.

You collected 1474 gold pieces.

Inventory:

Hand Weapons
 a - a +4 executioner's axe of flaming (weapon)
 b - a +9 triple crossbow
 n - a +2 scimitar of flaming
 p - a +1 hand cannon of flaming
 C - a +4 battleaxe of electrocution
Missiles
 i - 53 poisoned darts
 r - 7 boomerangs (quivered)
 v - 4 silver javelins
 O - 8 javelins
Armour
 h - a +0 cloak (worn)
 j - the +2 pair of gloves "Sizime" (worn) {Int+2 Dex+2}
   (You found it in a Gauntlet)

   Int+2:     It affects your intelligence (+2).
   Dex+2:     It affects your dexterity (+2).
 k - the +4 plate armour "Noas" (worn) {SInv}
   (You acquired it on level 2 of the Dungeon)

   SInv:      It lets you see invisible.
 w - the +2 pair of boots of the Stag (worn) {-Tele +Inv rPois rF+++ Stlth-}
   (Okawaru gifted it to you on level 1 of the Lair of Beasts)

   rF+++:     It renders you almost immune to fire.
   rPois:     It protects you from poison +Inv: It lets you turn invisible.
   -Tele:     It prevents most forms of teleportation.
   Stlth-:    It makes you less stealthy.
 y - the +3 buckler of the Miller (worn) {rC+ rN+}
   (You acquired it on level 5 of the Dungeon)

   rC+:       It protects you from cold.
   rN+:       It protects you from negative energy.
Magical Staves
 g - a staff of fire
Jewellery
 f - a +6 ring of intelligence
 l - a ring of ice
 m - the amulet "Qeaqomn" (around neck) {*Slow rElec rF+ Regen+}
   (You acquired it on level 2 of the Dungeon)

   [amulet of regeneration]

   rF+:       It protects you from fire.
   rElec:     It insulates you from electricity.
   Regen+:    It increases your rate of health regeneration.
   *Slow:     It may slow you when you take damage.
 t - a +4 ring of protection (left hand)
 B - a ring of poison resistance
 F - the ring of Modesty (right hand) {rElec rPois rC+ Will- Dex+6}
   (You acquired it on level 7 of the Dungeon)

   [ring of dexterity]

   Dex+6:     It affects your dexterity (+6).
   rC+:       It protects you from cold.
   rElec:     It insulates you from electricity.
   rPois:     It protects you from poison Will-: It decreases your willpower.
Wands
 o - a wand of roots (24)
 s - a wand of flame (47)
 z - a wand of polymorph (7)
 E - a wand of mindburst (10)
 P - a wand of paralysis (5)
Scrolls
 q - 3 scrolls of fear
 u - a scroll of vulnerability
 x - 3 scrolls of identify
 A - a scroll of amnesia
 D - a scroll of brand weapon
 I - 3 scrolls of fog
 J - 2 scrolls of immolation
 Q - a scroll of revelation
Potions
 c - 2 potions of ambrosia {unknown}
 d - 7 potions of might
 e - 9 potions of curing
 G - a potion of mutation
 V - 2 potions of heal wounds
 X - 3 potions of resistance
 Y - a potion of experience {unknown}
 Z - 2 potions of berserk rage {unknown}


   Skills:
 - Level 8.0 Fighting
 + Level 16.9 Axes
 + Level 3.6 Ranged Weapons
 - Level 8.0 Throwing
 + Level 9.1 Armour
 - Level 10.0 Shields
 - Level 6.0 Invocations
 + Level 3.2 Evocations


You had 13 spell levels left.
You didn't know any spells.
Your spell library contained the following spells:

 Spells                   Type           Power      Damage    Failure   Level
 Apportation              Tloc           0%         N/A       99%         1
 Foxfire                  Conj/Fire      0%         2x1d4     99%         1
 Magic Dart               Conj           0%         1d3       99%         1
 Necrotise                Necr           0%         1d4       99%         1
 Sting                    Conj/Alch      0%         1d3       99%         1
 Scorch                   Fire           0%         2d5       99%         2
 Volatile Blastmotes      Fire/Tloc      0%         2d10      100%        3
 Flame Wave               Conj/Fire      0%         2d4       100%        4
 Fulminant Prism          Conj/Alch      0%         3d5       100%        4
 Iskenderun's Mystic Bla  Conj/Tloc      0%         2d3       100%        4
 Plasma Beam              Fire/Air       0%         2x1d10    100%        6
 Starburst                Conj/Fire      0%         6d3       100%        6
 Summon Small Mammal      Summ           Unusable   N/A       N/A         1
 Blink                    Tloc           Unusable   N/A       N/A         2
 Call Imp                 Summ           Unusable   N/A       N/A         2
 Summon Cactus Giant      Summ           Unusable   N/A       N/A         6

Dungeon Overview and Level Annotations

Branches:
Dungeon (11/15)            Temple (1/1) D:6            Lair (3/5) D:11
  Swamp (0/4) Lair:3       Spider (0/4) Lair:2          Orc (0/2) D:11
 Bailey (visited)         Volcano (visited)         Gauntlet (visited)

Altars:
Ashenzari
Cheibriados
Dithmenos
Elyvilon
Fedhas
Gozag
Hepliaklqana
Kikubaaqudgha
Makhleb
Nemelex Xobeh
Okawaru
Qazlal
Ru
Sif Muna
Trog
Uskayaw
Vehumet
Wu Jian
Xom
Yredelemnul
Zin
The Shining One

Shops:
D:1 =   D:3 !   D:5 (   D:8 *

Annotations:
D:10 3 runed translucent doors, ironsdan's ghost, journeyman DsRe


Innate Abilities, Weirdness & Mutations

You cannot be hasted, slowed, berserked, paralysed or teleported.
You can dig through walls and to a lower floor.
You have a pair of large antennae on your head. (SInv)
Your four strong arms can wield two-handed weapons with a shield.


Message History

The dream sheep is severely wounded.
Something stings the plant.
The plant begins to die.
The dream sheep shake their wool and sparkle.
You feel drowsy...
You fall asleep.
Something stings the plant!!
The dream sheep headbutts you but does no damage.
You wake up.
You cut the dream sheep into ribbons!!! You burn the dream sheep.
You kill the dream sheep!
Okawaru accepts your kill.
The goliath frog hits you but does no damage.
You barely miss the goliath frog.
Something stings the plant.
The plant begins to die.
The plant is poisoned.
You block the goliath frog's attack.
A wyvern comes into view.
Something stings the plant!!
The wyvern hisses angrily.
You hit the goliath frog. You burn the goliath frog.
The goliath frog is lightly wounded.
A nearby plant withers and dies.
The goliath frog hits you! The acid corrodes you!
You are splashed with acid!
The dream sheep headbutts the plant.
Something stings the plant!
The dream sheep headbutts the plant.
You slice the goliath frog!! You burn the goliath frog.
The goliath frog is severely wounded.
Something stings the plant!
The goliath frog hits you but does no damage.
The dream sheep shake their wool and sparkle.
You feel drowsy...
You fall asleep.
The dream sheep splashes around in the water.
Something stings the plant!
The goliath frog hits you!!!
You wake up.
* * * LOW HITPOINT WARNING * * *
The acid corrodes you!
You are splashed with acid!
* * * LOW HITPOINT WARNING * * *
You hit the goliath frog. You burn the goliath frog.
The goliath frog is almost dead.
The dream sheep splashes around in the water.
Something stings the plant.
The plant looks as sick as possible!
The dream sheep headbutts the plant.
The goliath frog hits you.
You die...

.##
♣♣♣♣..##...#P. ..
♣♣§>♣♣.#.##.....
,..
♣P§§~♣♣..........
#. ♣♣P§y§♣
♣.P..#.....
#.k♣P~PP~♣
♣.#####....
.Y♣~~~~♣ ♣.#
#.....
♣YP{P♣♣♣##.#
##....
♣YF♣♣♣♣....#
##.##
♣♣♣@.......# #.#
♣.......## ###
♣.......#
#.#.#.### #######


You could see a goliath frog, a wyvern and 3 dream sheep.

Vanquished Creatures
  A minotaur (Gauntlet)
  Snorg (Lair:3)
  Fannar (Lair:1)
  A hydra (Lair:3)
  Erica (Lair:1)
  2 two-headed ogres
  A boulder beetle (Lair:2)
  A wretched star (Gauntlet)
  Amaemon (Lair:2)
  A sun demon (Gauntlet)
  2 deep elf archers (Volcano)
  3 deep elf pyromancers (Volcano)
  A manticore (D:11)
  A wolf spider (Lair:2)
  7 elephants
  2 black mambas (Lair:3)
  An orange demon (Lair:2)
  7 cane toads
  A gargoyle (D:10)
  An unseen horror (D:11)
  7 komodo dragons
  A hellion (Gauntlet)
  A minotaur zombie (Gauntlet)
  2 kobold demonologists (D:10)
  3 trolls
  2 hornets
  A dream sheep (Lair:3)
  6 spriggans (Bailey)
  A culicivora (Lair:2)
  2 vampires (D:10)
  A wraith (D:9)
  22 yaks
  3 wyverns
  5 fire elementals (Volcano)
  3 steam dragons
  2 vampire mosquitoes (D:6)
  A basilisk (Lair:2)
  2 hell hounds (Volcano)
  16 water moccasins
  14 orc warriors
  An ice beast (D:7)
  5 black bears
  4 ogres
  A small abomination (Gauntlet)
  15 wolves
  2 phantoms
  6 centaurs
  7 kobold brigands
  7 bullfrogs
  6 scorpions
  11 wights
  3 killer bees (D:8)
  2 electric eels (Lair:2)
  A howler monkey (D:6)
  3 bombardier beetles
  2 jellies
  3 gnoll boudas
  5 iguanas
  2 orc priests
  7 hounds
  2 sleepcaps
  Ijyb (D:3)
  Terence (D:3)
  Crazy Yiuf (D:4)
  9 orc wizards
  11 gnolls
  9 adders
  2 shadow imps
  3 white imps
  2 ufetubi (D:7)
  5 dart slugs
  2 ribbon worms
  34 orcs
  7 endoplasms
  2 giant cockroaches
  10 goblins
  8 hobgoblins
  41 kobolds
  2 quokkas
  6 ball pythons
  5 bats
  5 frilled lizards
  4 rats
397 creatures vanquished.

Notes
Turn   | Place    | Note
-------+----------+-------------------------------------------
     0 | D:1      | Hubris850 the Formicid Fighter began the quest for the Orb.
     0 | D:1      | Reached XP level 1. HP: 18/18 MP: 1/1
   259 | D:1      | Reached XP level 2. HP: 20/24 MP: 2/2
   669 | D:1      | Found Peixki's Jewellery Emporium.
   748 | D:1      | Reached XP level 3. HP: 29/29 MP: 3/3
  1069 | D:2      | Identified 2 scrolls of acquirement
  1069 | D:2      | Acquired the amulet "Qeaqomn" {*Slow rElec rF+ Regen+}
  1076 | D:2      | Acquired the +4 plate armour "Noas" {SInv}
  1297 | D:2      | Reached XP level 4. HP: 37/37 MP: 4/4
  1616 | D:3      | Found Jerue's Distillery.
  2145 | D:3      | Found an opulent altar of Gozag.
  2163 | D:3      | Noticed Ijyb
  2165 | D:3      | Noticed Terence
  2179 | D:3      | Killed Ijyb
  2180 | D:3      | Reached skill level 5 in Shields
  2180 | D:3      | Reached XP level 5. HP: 26/42 MP: 5/5
  2191 | D:3      | Reached skill level 1 in Throwing
  2196 | D:3      | Killed Terence
  2197 | D:3      | Reached skill level 3 in Axes
  2516 | D:4      | Noticed a centaur
  2521 | D:4      | Killed a centaur
  2522 | D:4      | Reached XP level 6. HP: 48/49 MP: 6/6
  2659 | D:4      | Found a runed translucent door.
  2660 | D:4      | Noticed Crazy Yiuf
  2666 | D:4      | Killed Crazy Yiuf
  2716 | D:4      | Noticed an ogre
  2736 | D:4      | Killed an ogre
  2737 | D:4      | Reached XP level 7. HP: 34/55 MP: 7/7
  2758 | D:4      | Found a snail-covered altar of Cheibriados.
  2758 | D:4      | Found a basalt altar of Yredelemnul.
  2760 | D:4      | Found a radiant altar of Vehumet.
  2760 | D:4      | Found a shimmering blue altar of Sif Muna.
  2763 | D:4      | Found a sparkling altar of Nemelex Xobeh.
  2883 | D:4      | Reached skill level 5 in Armour
  3125 | D:5      | Entered Level 5 of the Dungeon
  3179 | D:5      | Reached skill level 5 in Fighting
  3181 | D:5      | Found a white marble altar of Elyvilon.
  3220 | D:5      | Found Imogafet's Weapon Shoppe.
  3346 | D:5      | Reached skill level 4 in Axes
  3398 | D:5      | Reached XP level 8. HP: 62/62 MP: 8/8
  3491 | D:5      | Acquired the +3 buckler of the Miller {rC+ rN+}
  3864 | D:6      | Reached skill level 5 in Axes
  3864 | D:6      | Reached XP level 9. HP: 61/69 MP: 9/9
  4110 | D:6      | Reached skill level 5 in Throwing
  4211 | D:6      | Found a staircase to the Ecumenical Temple.
  4232 | Temple   | Entered the Ecumenical Temple
  4264 | Temple   | Became a worshipper of Warmaster Okawaru
  4581 | D:6      | Reached skill level 6 in Axes
  4618 | D:7      | Reached XP level 10. HP: 79/79 MP: 10/10
  4671 | D:7      | Acquired the ring of Modesty {rElec rPois rC+ Will- Dex+6}
  4759 | D:7      | Found an ancient bone altar of Kikubaaqudgha.
  4776 | D:7      | Reached * piety under Okawaru
  5078 | D:7      | Found a glowing golden altar of the Shining One.
  5368 | D:8      | Found Dyar Decw's Serpentskin Sales.
  5428 | D:8      | Reached ** piety under Okawaru
  5608 | D:9      | Reached skill level 7 in Axes
  5807 | D:9      | Reached skill level 10 in Shields
  5837 | D:9      | Reached XP level 11. HP: 60/86 MP: 11/11
  5921 | D:9      | Reached *** piety under Okawaru
  5922 | D:9      | Reached skill level 8 in Axes
  5998 | D:9      | Found a shimmering altar of Xom.
  5998 | D:9      | Found a hazy altar of Hepliaklqana.
  6006 | D:9      | Found a faded altar of an unknown god.
  6008 | D:9      | Found a bloodstained altar of Trog.
  6010 | D:9      | Found a faded altar of an unknown god.
  6298 | D:9      | Found a stormy altar of Qazlal.
  6463 | D:10     | Entered Level 10 of the Dungeon
  6548 | D:10     | Found an ornate altar of the Wu Jian Council.
  6578 | D:10     | Reached skill level 9 in Axes
  6635 | D:10     | Reached **** piety under Okawaru
  6708 | D:10     | Reached skill level 10 in Axes
  6763 | D:10     | Identified the +5 quarterstaff "Zaoseppa" {freeze, ^Fragile
                  | rPois rF+}
  6783 | D:10     | Noticed an ogre mage
  6784 | D:10     | Found a runed translucent gate.
  6789 | D:10     | Found a flagged portal.
  6822 | D:10     | Found a runed translucent gate.
  6823 | D:10     | Found a runed translucent gate.
  6901 | Bailey   | Entered a bailey
  6956 | Bailey   | Noticed a two-headed ogre
  6969 | Bailey   | Killed a two-headed ogre
  6969 | Bailey   | Reached ***** piety under Okawaru
  6970 | Bailey   | Reached skill level 11 in Axes
  7286 | D:10     | Received a gift from Okawaru
  7361 | D:10     | Noticed a boulder beetle
  7361 | D:10     | Noticed a six-headed hydra
  7363 | D:10     | Noticed ironsdan's ghost (journeyman DsRe)
  7569 | D:11     | Reached XP level 12. HP: 88/92 MP: 12/12
  7582 | D:11     | Reached skill level 12 in Axes
  7596 | D:11     | Noticed a two-headed ogre
  7606 | D:11     | Killed a two-headed ogre
  7622 | D:11     | Found a staircase to the Lair.
  7629 | D:11     | Reached skill level 1 in Invocations
  7792 | D:11     | Found a staircase to the Orcish Mines.
  8275 | Lair:1   | Entered Level 1 of the Lair of Beasts
  8275 | Lair:1   | Found a gate leading to a gauntlet.
  8280 | Gauntlet | Entered a Gauntlet
  8280 | Gauntlet | Found a transporter.
  8289 | Gauntlet | Found a transporter.
  8302 | Gauntlet | Found a transporter.
  8305 | Gauntlet | Found a transporter.
  8315 | Gauntlet | Found a transporter.
  8332 | Gauntlet | Noticed a great orb of eyes
  8335 | Gauntlet | Found a transporter.
  8348 | Gauntlet | Found a transporter.
  8348 | Gauntlet | Noticed a sun demon
  8373 | Gauntlet | Found a transporter.
  8377 | Gauntlet | Found a transporter.
  8378 | Gauntlet | Noticed a wretched star
  8385 | Gauntlet | Found a transporter.
  8406 | Gauntlet | Killed a wretched star
  8407 | Gauntlet | Reached skill level 13 in Axes
  8417 | Gauntlet | Identified the +2 pair of gloves "Sizime" {Int+2 Dex+2}
  8440 | Gauntlet | Reached skill level 5 in Invocations
  8445 | Gauntlet | Killed a sun demon
  8453 | Gauntlet | Identified the ring of Ysibifin {Fly rC+ Dex-2 SInv}
  8474 | Gauntlet | Identified the ring of Getrun {Wiz rC+ Will+ Str+2}
  8474 | Gauntlet | Noticed a minotaur
  8484 | Gauntlet | Killed a minotaur
  8752 | Lair:1   | Reached skill level 14 in Axes
  8775 | Lair:1   | Reached XP level 13. HP: 86/98 MP: 17/17
  8786 | Lair:1   | Received a gift from Okawaru
  8905 | Lair:1   | Noticed Fannar
  8908 | Lair:1   | Noticed Erica
  8914 | Lair:1   | Killed Fannar
  8917 | Lair:1   | Killed Erica
  8918 | Lair:1   | Reached skill level 15 in Axes
  9522 | Lair:2   | Found a dark tunnel.
  9530 | Volcano  | Entered a volcano
  9561 | Volcano  | Reached skill level 16 in Axes
  9649 | Volcano  | Reached ****** piety under Okawaru
  9939 | Lair:2   | Found a hole to the Spider Nest.
 10006 | Lair:2   | Noticed Amaemon
 10014 | Lair:2   | Killed Amaemon
 10014 | Lair:2   | Received a gift from Okawaru
 10015 | Lair:2   | Reached skill level 1 in Ranged Weapons
 10117 | Lair:2   | Acquired a +3 executioner's axe of electrocution
 10117 | Lair:2   | Received a gift from Okawaru
 10207 | Lair:1   | Acquired the +2 pair of boots of the Stag {-Tele +Inv rPois
                  | rF+++ Stlth-}
 10207 | Lair:1   | Received a gift from Okawaru
 10513 | Lair:3   | Reached skill level 1 in Evocations
 10555 | Lair:3   | Noticed Snorg
 10569 | Lair:3   | Killed Snorg
 10598 | Lair:3   | Received a gift from Okawaru
 10618 | Lair:3   | Reached XP level 14. HP: 105/105 MP: 18/18
 10804 | Lair:3   | Found a staircase to the Swamp.
 10805 | Lair:3   | Acquired 1064 gold pieces
 10817 | Lair:3   | HP: 2/105 [acid (8)]
 10818 | Lair:3   | Slain by a goliath frog

Illustrated notes

Levels and vault maps discovered:
D:1:      minmay_arrival_five_plusses, layout_loops_corners, serial_shops,
          nicolae_shop_statue_plus, minmay_box_of_dots
D:2:      layout_basic, minmay_pentomino_x4
D:3:      layout_loops_ring, nicolae_gozag_cash_rules_everything_around_me,
          serial_shops, shop, uniq_ijyb, uniq_terence
D:4:      layout_basic, grunt_temple_overflow_open, uniq_crazy_yiuf_cottage
D:5:      layout_basic, lemuel_doored_altar, serial_shops, nicolae_shop_crystal
D:6:      minmay_polygon_palace, layout_cave_pools, minmay_temple_entry_mist,
          serial_column_ruins, column_ruins_hut, column_ruins_hut_ruined,
          column_ruins_grid_4, column_ruins_open_tiny,
          column_ruins_corridor_corner, column_ruins_open_small_water,
          column_ruins_open_tiny, minmay_increasing_density
D:7:      layout_basic, old_standard_altar, tso_altar, lemuel_flamethrower_1
D:8:      layout_basic, guppyfry_shop_venom
D:9:      kennysheep_kobold_camp, layout_irregular_city, grunt_qazlal_sundering,
          chequers_temple_overflow_minitemple
D:10:     layout_loops_ring, old_standard_altar, enter_bailey_8,
          gammafunk_ghost_split
D:11:     layout_cave_pools, grunt_lair_entry_orc_guard_hut,
          kennysheep_orc_monster_closet_entryway
Temple:   nicolae_temple_bog_church
Lair:1:   layout_misc_corridors, gauntlet_entry_generic, beast_lair_carwin_7,
          uniq_fannar, uniq_erica
Lair:2:   layout_gridlike, spider_nest_entry_funnel_web,
          lightli_volcano_entry_magma_tube, infiniplex_staircase_pool,
          uniq_amaemon
Lair:3:   layout_misc_corridors, mainiacjoe_swamp_entry_lozenge_pond, uniq_snorg

Skill      XL: |  1  2  3  4  5  6  7  8  9 10 11 12 13 14 |
---------------+-------------------------------------------+-----
Armour         | 4 5 6 7 8 9 |  9.1
Fighting       | 4 5 6 7 8 |  8.0
Shields        | 5 6 7 8 10 | 10.0
Throwing       | 1 2 3 4 5 7 8 |  8.0
Axes           | 3 4 5 6 7 11 14 16 | 16.9
Invocations    | 6 |  6.0
Ranged Weapons | 2 3 |  3.6
Evocations     | 2 3 |  3.2

Action                     |  1- 3 |  4- 6 |  7- 9 | 10-12 | 13-15 || total
---------------------------+-------+-------+-------+-------+-------++-------
  Melee: War axe           |    76 |   124 |   203 |   380 |       ||   783
         Broad axe         |       |       |       |   133 |       ||   133
         Battleaxe         |       |       |       |    31 |   160 ||   191
         Executioner's axe |       |       |       |       |    99 ||    99
   Fire: Triple crossbow   |       |       |       |       |     2 ||     2
  Throw: Boomerang         |       |       |     1 |     2 |     6 ||     9
 Invoke: Heroism           |       |       |       |     5 |     2 ||     7
         Receive Weapon    |       |       |       |       |     1 ||     1
         Receive Armour    |       |       |       |       |     1 ||     1
Ability: Dig               |       |       |       |     2 |     2 ||     4
    Use: Scroll            |     4 |     5 |     1 |     8 |     4 ||    22
         Potion            |       |     3 |       |     7 |     1 ||    11
 Armour: Scale mail        |    38 |       |       |       |       ||    38
         Plate armour      |    11 |   104 |   278 |   434 |   237 ||  1064
  Dodge: Dodged            |    23 |    30 |    88 |   150 |    64 ||   355
  Block: Buckler           |    21 |    32 |   131 |   321 |   138 ||   643
